 Dungeon Crawl Stone Soup version 0.24.1-4-ge52af88ad5 (webtiles) character file.

Game seed: 3578558160512827966, levelgen mode: deterministic

5385 Peloso the Carver (level 10, -1/86 HPs)
             Began as a Minotaur Fighter on Apr 12, 2020.
             Was an Elder of Okawaru.
             Slain by a killer bee (9 damage)
             ... on level 9 of the Dungeon.
             The game lasted 00:27:54 (10128 turns).

Peloso the Carver (Minotaur Fighter)               Turns: 10128, Time: 00:27:54

Health: -1/86      AC: 13    Str: 23    XL:     10   Next: 39%
Magic:  0/10       EV:  8    Int:  5    God:    Okawaru [****..]
Gold:   186        SH: 14    Dex: 17    Spells: 9/9 levels left

rFire    . . .     SeeInvis .   a - +0 long sword
rCold    . . .     Gourm    .   c - +1 shield
rNeg     . . .     Faith    .   B - +0 plate armour
rPois    .         Spirit   +   (helmet restricted)
rElec    .         Reflect  .   D - scarf {cloud immunity}
rCorr    .         Harm     .   (no gloves)
MR       .....                  (no boots)
Stlth    ..........             J - amulet of Moumiyh {Spirit Dex+6}
HPRegen  0.24/turn              h - ring of ice
MPRegen  0.12/turn              s - ring of fire

@: no status effects
A: retaliatory headbutt, horns 2
a: Heroism, Renounce Religion


You were on level 9 of the Dungeon.
You worshipped Okawaru.
Okawaru was greatly pleased with you.
You were not hungry.

You visited 2 branches of the dungeon, and saw 10 of its levels.

You collected 625 gold pieces.
You spent 439 gold pieces at shops.

Inventory:

Hand Weapons
 a - a +0 long sword (weapon)
 b - a +0 whip of flaming
 w - a +0 hand crossbow
Missiles
 O - 24 poisoned darts (quivered)
 P - 36 bolts
Armour
 c - a +1 shield (worn)
 p - a +0 chain mail
 B - a +0 plate armour (worn)
 D - a scarf of cloud immunity (worn)
 K - the +0 scale mail of Mikualy {rElec Str+4}
   (You bought it in a shop on level 7 of the Dungeon)

   It affects your strength (+4).
   It insulates you from electricity.
Jewellery
 h - a ring of ice (left hand)
 j - an uncursed amulet of guardian spirit
 k - an uncursed ring of poison resistance
 s - a ring of fire (right hand)
 v - a +3 amulet of reflection
 J - the amulet of Moumiyh (around neck) {Spirit Dex+6}
   (You found it on level 6 of the Dungeon)

   [amulet of guardian spirit]

   It causes incoming damage to be split between your health and magic.
   It affects your dexterity (+6).
 N - a +5 ring of intelligence
 Q - an uncursed ring of stealth
 R - an uncursed ring of wizardry {unknown}
Wands
 n - a wand of flame (5)
 A - a wand of random effects (7)
 E - a wand of enslavement (5)
Scrolls
 g - 2 scrolls of magic mapping {unknown}
 l - a scroll of enchant weapon {unknown}
 m - 4 scrolls of remove curse
 o - 2 scrolls of enchant armour
 r - 2 scrolls of amnesia {unknown}
 x - a scroll of teleportation {unknown}
 y - a scroll of fear
 z - 2 scrolls of blinking {unknown}
 C - a scroll of brand weapon {unknown}
 F - 2 scrolls of fog
 M - a scroll of identify
Potions
 d - 3 potions of might
 e - 2 potions of curing
 i - a potion of haste
 q - a potion of cancellation
 t - a potion of berserk rage
 u - a potion of heal wounds {unknown}
 G - 2 potions of resistance
 H - a potion of agility {unknown}
 I - 2 potions of brilliance {unknown}
 L - a potion of ambrosia {unknown}
Comestibles
 f - 8 rations


   Skills:
 + Level 7.2 Fighting
 + Level 11.1 Long Blades
 + Level 1.9 Crossbows
 + Level 0.7 Throwing
 + Level 8.6 Armour
 + Level 3.3 Dodging
 + Level 0.7 Stealth
 + Level 10.3 Shields
 + Level 0.1 Invocations
 + Level 1.7 Evocations


You had 9 spell levels left.
You didn't know any spells.
Your spell library contained the following spells:

 Spells                   Type           Power        Failure   Level  Hunger
 Beastly Appendage        Tmut           #.....       100%        1    ##.....
 Sticks to Snakes         Tmut           #.......     100%        2    ###....
 Spider Form              Tmut/Pois      #.........   100%        3    ####...
 Ice Form                 Ice/Tmut       #.......     100%        4    #####..
 Blade Hands              Tmut           #.........   100%        5    ######.


Dungeon Overview and Level Annotations

Branches:
Dungeon (9/15)             Temple (1/1) D:5
   Lair: D:8-11         Orc: D:9-12

Altars:
Ashenzari
Dithmenos
Elyvilon
Gozag
Kikubaaqudgha
Makhleb
Nemelex Xobeh
Okawaru
Qazlal
Sif Muna
Trog
Wu Jian
Xom
Yredelemnul
The Shining One

Shops:
D:4 %(?%   D:7 [:[**


Innate Abilities, Weirdness & Mutations

You reflexively headbutt those who attack you in melee.
You have a pair of horns on your head.


Message History

You block the killer bee's attack.
You hear an angry buzzing noise. x2
The killer bee closely misses you.
You riposte.
You miss the killer bee.
You headbutt the killer bee, but do no damage.
The killer bee is moderately wounded.
You block the killer bee's attack.
Unknown command.
Your shield and plate armour prevent you from hitting the killer bee.
Your headbutt misses the killer bee.
The killer bee is moderately wounded.
The killer bee stings you!
* * * LOW HITPOINT WARNING * * *
You hear an angry buzzing noise.
The killer bee stings you!
* * * LOW HITPOINT WARNING * * *
You hear an angry buzzing noise.
You miss the killer bee. Your headbutt misses the killer bee.
The killer bee is lightly wounded.
The killer bee stings you!
You die...

#. #. .# #< #.# #.##.#
#.##.# # #.##.## ### 5y#
#.#...####.########y...#
..<.......#...§§@yy.y.y.
..#...####..#######§y...
..##............... .y.
....._......####### .
.##########.# .# #.#
.######## #.#
........###.#
(...........#


You could see 2 killer bees.

Vanquished Creatures
  Erica (D:9)
  Pikel (D:7)
  A centaur zombie (D:6)
  A slime creature (D:8)
  Menkaure (D:6)
  2 slaves (D:7)
  2 sky beasts
  An ice beast (D:7)
  An ogre (D:8)
  2 centaurs (D:8)
  6 bullfrogs
  5 gnoll sergeants (D:8)
  A scorpion (D:6)
  12 killer bees
  3 howler monkeys (D:9)
  3 electric eels (D:8)
  3 crimson imps
  A bullfrog zombie (D:7)
  8 hounds
  Crazy Yiuf (D:7)
  A jelly (D:7)
  A gnoll shaman (D:8)
  7 orc priests
  3 iguanas
  7 worker ants
  3 orc wizards
  A hound zombie (D:7)
  A worker ant zombie (D:3)
  A howler monkey zombie (D:5)
  20 gnolls
  8 adders
  3 oozes
  2 adder zombies
  2 adder skeletons
  5 worms
  5 dart slugs
  4 leopard geckos
  32 orcs
  9 bats
  9 giant cockroaches
  11 goblins
  10 hobgoblins
  11 jackals
  3 quokkas
  2 ball pythons
  4 frilled lizards
  A jackal zombie (D:8)
  14 kobolds
  A leopard gecko skeleton (D:8)
  A quokka zombie (D:6)
  9 rats
247 creatures vanquished.

Vanquished Creatures (collateral kills)
  A hound (D:8)
  An orc wizard (D:8)
  2 gnolls (D:8)
  An orc (D:8)
5 creatures vanquished.

Vanquished Creatures (others)
  An orc warrior (D:8)
1 creature vanquished.

Grand Total: 253 creatures vanquished

Notes
Turn   | Place    | Note
-------+----------+-------------------------------------------
     0 | D:1      | Peloso the Minotaur Fighter began the quest for the Orb.
     0 | D:1      | Reached XP level 1. HP: 19/19 MP: 0/0
   175 | D:1      | Reached XP level 2. HP: 27/27 MP: 1/1
   598 | D:1      | Reached skill level 3 in Long Blades
   667 | D:1      | Reached XP level 3. HP: 29/33 MP: 2/2
  1050 | D:2      | Reached XP level 4. HP: 40/40 MP: 3/3
  1203 | D:2      | Found a stormy altar of Qazlal.
  1388 | D:2      | Reached skill level 4 in Long Blades
  2032 | D:3      | Reached skill level 1 in Dodging
  2055 | D:3      | Reached XP level 5. HP: 46/46 MP: 4/4
  2181 | D:3      | Found a shimmering blue altar of Sif Muna.
  2487 | D:3      | Found a sparkling altar of Nemelex Xobeh.
  2903 | D:4      | Found Wast's Food Shoppe.
  2924 | D:3      | Reached skill level 5 in Long Blades
  3170 | D:3      | Reached skill level 5 in Shields
  3170 | D:3      | Reached XP level 6. HP: 25/53 MP: 2/5
  3389 | D:4      | Reached skill level 5 in Armour
  3395 | D:4      | Found Asapodae's Antique Weapon Boutique.
  3398 | D:4      | Bought a hand crossbow for 108 gold pieces
  3437 | D:4      | Found Taiffom's Magic Scroll Shop.
  3450 | D:4      | Bought a scroll of identify for 28 gold pieces
  3450 | D:4      | Bought a scroll of random uselessness for 14 gold pieces
  3450 | D:4      | Bought a scroll of identify for 28 gold pieces
  3608 | D:4      | Found an opulent altar of Gozag.
  3657 | D:4      | Found Geaham's Food Shoppe.
  3699 | D:4      | Reached skill level 6 in Long Blades
  4147 | D:4      | Reached XP level 7. HP: 60/60 MP: 6/6
  4460 | D:5      | Entered Level 5 of the Dungeon
  4591 | D:5      | Found a bloodstained altar of Trog.
  4634 | D:5      | Got a thick robe
  4645 | D:5      | Identified the +1 robe of Uwua {rCorr Slay+4} (You found it
                  | on level 5 of the Dungeon)
  4703 | D:5      | Found a staircase to the Ecumenical Temple.
  4717 | D:5      | Found a white marble altar of Elyvilon.
  4726 | Temple   | Entered the Ecumenical Temple
  4816 | Temple   | Became a worshipper of Warmaster Okawaru
  5295 | D:5      | Found a glowing golden altar of the Shining One.
  5381 | D:6      | Got a twisted ring mail
  5392 | D:6      | Identified the cursed +1 ring mail of Resonance {SInv} (You
                  | found it on level 6 of the Dungeon)
  5421 | D:6      | You fall into a shaft and drop 1 floor!
  5421 | D:7      | Found a runed translucent door.
  5421 | D:7      | Noticed Crazy Yiuf
  5429 | D:7      | Killed Crazy Yiuf
  5645 | D:6      | Reached skill level 5 in Fighting
  5645 | D:6      | Reached skill level 7 in Long Blades
  5685 | D:6      | Found a basalt altar of Yredelemnul.
  5771 | D:6      | Reached * piety under Okawaru
  5771 | D:6      | Reached XP level 8. HP: 61/68 MP: 7/7
  5780 | D:6      | Reached skill level 8 in Long Blades
  5785 | D:6      | Got a slimy garnet amulet
  5787 | D:6      | Identified the amulet of Moumiyh {Spirit Dex+6} (You found
                  | it on level 6 of the Dungeon)
  5811 | D:6      | Noticed Menkaure
  5815 | D:6      | Killed Menkaure
  6119 | D:6      | Reached ** piety under Okawaru
  6494 | D:7      | Noticed Pikel
  6530 | D:7      | Killed Pikel
  6530 | D:7      | Reached skill level 9 in Long Blades
  6530 | D:7      | Reached XP level 9. HP: 52/75 MP: 5/8
  6538 | D:7      | Found Gumury's Antique Armour Shoppe.
  6548 | D:7      | Bought a distressingly furry scale mail for 261 gold pieces
  6560 | D:7      | Identified the cursed +0 scale mail of Mikualy {rElec
                  | Str+4} (You bought it in a shop on level 7 of the Dungeon)
  6681 | D:7      | Found Lalomaho's General Store.
  6748 | D:7      | Found Uzerria's General Store.
  6837 | D:7      | Found Edinuz's Book Emporium.
  6894 | D:7      | Reached *** piety under Okawaru
  6928 | D:7      | Found Dator's Armour Shoppe.
  7082 | D:7      | Found an ornate altar of the Wu Jian Council.
  7483 | D:7      | Reached skill level 10 in Long Blades
  8397 | D:8      | Reached skill level 1 in Crossbows
  8628 | D:8      | Found a shadowy altar of Dithmenos.
  8967 | D:8      | Reached skill level 1 in Evocations
  9074 | D:8      | Reached **** piety under Okawaru
  9330 | D:8      | Reached XP level 10. HP: 46/84 MP: 5/9
  9998 | D:9      | Found a shattered altar of Ashenzari.
 10049 | D:9      | Reached skill level 10 in Shields
 10061 | D:9      | Noticed Erica
 10089 | D:9      | Killed Erica
 10091 | D:9      | Reached skill level 11 in Long Blades
 10128 | D:9      | Slain by a killer bee

Levels and vault maps discovered:
D:1:      matt_arrival_los_fun, layout_basic
D:2:      layout_basic, lemuel_crystal_altar, minmay_pentomino_t2
D:3:      layout_basic, nemelex_xobeh_ov_fountains_minmay, led_sif_pool
D:4:      layout_basic, first_ration, serial_shops, shop_coins,
          nicolae_shop_waterfront, kennysheep_mini_moat,
          nicolae_shop_waterfront, grunt_ministairs_1,
          nicolae_gozag_cash_rules_everything_around_me
D:5:      layout_cave_pools, elyvilon_altar_1, tso_altar, bloody_trog,
          minmay_temple_entry_hall, grunt_ministairs_4
D:6:      layout_basic, yredelemnul_altar_generic, uniq_menkaure
D:7:      layout_loops_ring, lemuel_coloured_pillars_altar, serial_shops,
          kennysheep_mini, nicolae_shop_temple_entry_statues_fountains,
          shop_fountains, shop, shop, uniq_pikel, uniq_crazy_yiuf_cottage
D:8:      minmay_bloctagon_deflated, layout_cave_pools,
          nicolae_dithmenos_the_darkroom, serial_gnoll_camp,
          gnoll_camp_mini_hut, gnoll_camp_mini_house, gnoll_camp_huts_moat,
          gnoll_camp_mini_sergeant
D:9:      cheibrodos_barr_body, layout_loops_ring, overflow_temple_1_default,
          serial_shops, shop, david_nohive_1, uniq_erica
Temple:   minmay_temple_forest_path

Skill      XL: |  1  2  3  4  5  6  7  8  9 10 |
---------------+-------------------------------+-----
Armour         | 4 5 6 7 8 |  8.6
Fighting       | 4 5 6 7 |  7.2
Long Blades    | 3 4 5 6 7 9 10 11 | 11.1
Shields        | 4 5 6 8 9 10 | 10.3
Dodging        | 1 2 3 |  3.3
Crossbows      | 1 |  1.9
Evocations     | 1 |  1.7
Throwing       | |  0.7
Stealth        | |  0.7
Invocations    | |  0.1

Action                   |  1- 3 |  4- 6 |  7- 9 | 10-12 || total
-------------------------+-------+-------+-------+-------++-------
Melee: Long sword        |    92 |   231 |   381 |   103 ||   807
       Headbutt          |    10 |    46 |    93 |    23 ||   172
 Fire: Hand crossbow     |       |       |    18 |       ||    18
Throw: Dart              |       |       |    25 |       ||    25
Invok: Heroism           |       |       |       |     3 ||     3
Evoke: Wand              |       |       |    15 |     7 ||    22
  Use: Potion            |     4 |       |       |     2 ||     6
       Scroll            |       |     3 |     3 |     4 ||    10
  Eat: Chunk             |       |    10 |    11 |       ||    21
       Ration            |       |       |     2 |     1 ||     3
Armor: Scale mail        |    35 |       |     7 |       ||    42
       Chain mail        |     3 |   115 |    13 |       ||   131
       Plate armour      |       |       |   185 |    31 ||   216
Dodge: Dodged            |    31 |    55 |   126 |    27 ||   239
Block: Shield            |    49 |   111 |   311 |    51 ||   522
       Rpst.: Long sword |     4 |    11 |    27 |     7 ||    49
